 Dungeon Crawl Stone Soup version 0.27.1-1-g398f81649c (webtiles) character file.

Game seed: 5380059614439715778

5 Garessta the Magician (level 1, 0/15 HPs)
             Began as a Djinni Ice Elementalist on Sept 22, 2021.
             Slain by a goblin (2 damage)
             ... on level 1 of the Dungeon.
             The game lasted 00:03:51 (309 turns).

Garessta the Magician (Djinni Ice Elementalist)      Turns: 309, Time: 00:03:51

Health: 0/15       AC:  2    Str:  7    XL:     1   Next: 88%
Gold:   33         EV: 12    Int: 16    God:
                   SH:  0    Dex: 13

rFire    + + .     SeeInvis .   (no weapon)
rCold    x . .     Faith    .   (no shield)
rNeg     . . .     Spirit   .   a - +0 robe
rPois    ∞         Reflect  .   (no helmet)
rElec    .         Harm     .   (no cloak)
rCorr    .         Rampage  .   (no gloves)
Will     .....                  (boots unavailable)
Stlth    ++........             (no amulet)
HPRegen  0.05/turn              (no ring)
MPRegen  0.00/turn              (no ring)

@: flying
A: sickness immunity, fire resistance 2, cold vulnerability 1, float, innate
caster, hp casting, extra vitality 1
a: no special abilities


You were on level 1 of the Dungeon.
You visited 1 branch of the dungeon, and saw 1 of its levels.

You collected 33 gold pieces.

Inventory:

Armour
 a - a +0 robe (worn)
Jewellery
 c - an amulet of faith
Potions
 b - 2 potions of ambrosia {unknown}


   Skills:
 - Level 2.1 Dodging
 - Level 1.5 Stealth
 + Level 3.5 Spellcasting


You couldn't memorise any spells.
You knew the following spells:

 Your Spells              Type           Power      Damage    Failure   Level
a - Freeze                Ice            56%        1d7       4%          1
b - Frozen Ramparts       Ice            28%        1d4       13%         3
c - Ozocubu's Armour      Ice            14%        N/A       13%         3
d - Hailstorm             Conj/Ice       14%        3d5       38%         4
Your spell library was empty.

Dungeon Overview and Level Annotations

Branches:
Dungeon (1/15)

Altars:


Innate Abilities, Weirdness & Mutations

You are immune to sickness and miasma.
You are immune to poison.
Your flesh is very heat resistant. (rF++)
You are vulnerable to cold. (rC-)
You float through the air rather than walking.
You learn spells naturally, not from books.
Your magical power is your life essence.
You have superior vitality. (+4 HP)


Message History

Okay, then.
Your magical contamination has completely faded away.
HP restored.
You see here a giant cockroach corpse.
A goblin comes into view. It is wielding a +0 dagger.
The goblin shouts!
A bat comes into view.
There are monsters nearby!
There are monsters nearby!
There are monsters nearby!
There are monsters nearby!
The bat hits you. The bat barely misses you.
The bat hits you but does no damage. The goblin hits you with a +0 dagger.
The bat hits you but does no damage. The goblin closely misses you.
The bat hits you. The bat closely misses you.
The bat hits you but does no damage. The goblin barely misses you.
The goblin barely misses you. The bat hits you but does no damage.
The goblin closely misses you. The bat closely misses you.
The goblin barely misses you. The bat closely misses you.
The goblin barely misses you. The bat barely misses you.
The goblin closely misses you. The bat hits you but does no damage.
The goblin misses you. The bat hits you. The goblin closely misses you.
The goblin hits you but does no damage. The bat hits you.
The goblin hits you but does no damage. The bat barely misses you.
The goblin hits you with a +0 dagger. The bat hits you. The goblin misses you.
The bat hits you but does no damage. The goblin hits you with a +0 dagger.
The bat barely misses you. The goblin hits you with a +0 dagger.
* * * LOW HITPOINT WARNING * * *
The bat closely misses you. The goblin hits you with a +0 dagger.
* * * LOW HITPOINT WARNING * * *
The bat hits you but does no damage. The goblin barely misses you.
The bat closely misses you. The goblin hits you but does no damage.
The bat closely misses you. x2; The goblin misses you.
The bat closely misses you. The goblin closely misses you.
The bat hits you but does no damage. The goblin closely misses you.
The bat misses you. The goblin hits you with a +0 dagger.
You die...

.. #######
##.## #.
#.....#
#..# .
#.###.###.#
##.# #.##
..##.# #(#
#.## ...#
#.##†# #.#
#...
#..##.#..#
#.# ###.
#.......##
#.# ##
#....b..#
#.## #
#....@..#
#..#### ###
#....g.##
##....# #..
#........
####.###.#
#......#.#
#.....#
#......#...
#######
#......#
#.# #
#......#
..# #
######## ..


You could see a goblin and a bat.

Vanquished Creatures
  A giant cockroach (D:1)
  A goblin (D:1)
  A hobgoblin (D:1)
  A quokka (D:1)
4 creatures vanquished.

Notes
Turn   | Place    | Note
-------+----------+-------------------------------------------
     0 | D:1      | Garessta the Djinni Ice Elementalist began the quest for
                  | the Orb.
     0 | D:1      | Reached XP level 1. HP: 15/15 MP: 0/0
   309 | D:1      | Slain by a goblin

Illustrated notes

Levels and vault maps discovered:
D:1:      onia_arrival_mini_spirals, layout_rooms

Action                   || total
-------------------------++-------
 Cast: Freeze            ||     8
Armor: Robe              ||    11
Dodge: Dodged            ||    31
